 Dungeon Crawl Stone Soup version 0.30.1-4-g462c640d31 (webtiles) character file.

Game seed: 3959944427266488161

222 Peloso the Trooper (level 5, -2/47 HPs)
             Began as a Hill Orc Fighter on Aug 23, 2023.
             Slain by a gnoll
             ... wielding a +3 flail of protection
              (3 damage)
             ... on level 4 of the Dungeon.
             The game lasted 00:04:35 (2940 turns).

Peloso the Trooper (Hill Orc Fighter)               Turns: 2940, Time: 00:04:35

Health: -2/47      AC: 14    Str: 19    XL:     5   Next: 99%
Magic:  5/5        EV:  5    Int:  8    God:
Gold:   216        SH: 10    Dex: 12    Spells: 4/4 levels left

rFire   . . .        a - +0 long sword
rCold   . . .        d - +0 buckler
rNeg    . . .        h - +0 plate armour
rPois   .            c - +0 helmet
rElec   .            m - +0 cloak
rCorr   .            (no gloves)
SInv    .            (no boots)
Will    .....        n - amulet of reflection Stlth
                     (no ring)
HPRegen 0.27/turn    (no ring)
MPRegen 0.09/turn

%: reflection
@: no status effects
A: no striking features
a: no special abilities


You were on level 4 of the Dungeon.
You visited 1 branch of the dungeon, and saw 4 of its levels.

You collected 216 gold pieces.

Inventory:

Hand Weapons
 a - a +0 long sword (weapon)
Armour
 b - a +0 scale mail
 c - a +0 helmet (worn)
 d - a +0 buckler (worn)
 h - a +0 plate armour (worn)
 m - a +0 cloak (worn)
Jewellery
 n - an amulet of reflection (around neck)
Scrolls
 e - 2 scrolls of identify {unknown}
 g - 2 scrolls of fear {unknown}
 k - a scroll of summoning {unknown}
 p - a scroll of magic mapping {unknown}
 r - a scroll of poison {unknown}
Potions
 f - a potion of might
 i - a potion of curing {unknown}
 j - 3 potions of heal wounds {unknown}
 l - a potion of cancellation {unknown}
 o - 2 potions of flight {unknown}
 q - a potion of attraction {unknown}


   Skills:
 + Level 4.8 Fighting
 + Level 4.1 Long Blades
 + Level 4.2 Armour
 + Level 0.5 Dodging
 + Level 4.4 Shields


You had 4 spell levels left.
You didn't know any spells.
Your spell library contained the following spells:

 Spells                   Type           Power      Damage    Failure   Level
 Apportation              Tloc           0%         N/A       100%        1
 Alistair's Intoxication  Tmut/Pois      0%         N/A       100%        5


Dungeon Overview and Level Annotations

Branches:
Dungeon (4/15)
 Temple: D:4-7

Altars:
Hepliaklqana


Message History

* * * LOW HITPOINT WARNING * * *
You barely miss the gnoll.
The gnoll is heavily wounded.
The gnoll hits you with a +0 spear.
* * * LOW HITPOINT WARNING * * *
You slash the gnoll!
You kill the gnoll!
You hit the gnoll.
The gnoll is lightly wounded.
The gnoll hits you but does no damage. You block the gnoll's attack.
You hit the gnoll but do no damage.
The gnoll is lightly wounded.
The gnoll barely misses you.
You hit the gnoll.
The gnoll is moderately wounded.
You block the gnoll's attack.
You hit the gnoll but do no damage.
The gnoll is moderately wounded.
The gnoll completely misses you.
You barely miss the gnoll.
The gnoll is moderately wounded.
You block the gnoll's attack. x2
You hit the gnoll but do no damage.
The gnoll is moderately wounded.
The gnoll hits you but does no damage.
You hit the gnoll but do no damage.
The gnoll is moderately wounded.
The gnoll hits you with a +3 flail of protection.
* * * LOW HITPOINT WARNING * * *
You hit the gnoll.
The gnoll is heavily wounded.
You block the gnoll's attack.
You hit the gnoll.
The gnoll is severely wounded.
The gnoll hits you with a +3 flail of protection.
* * * LOW HITPOINT WARNING * * *
You barely miss the gnoll.
The gnoll is severely wounded.
The gnoll hits you with a +3 flail of protection.
You die...

. #.....# ### ..
#..##.# #.#
...###..##.# #.#
........##.# #.#
...##....#.####.#
##..........#
##...#####.##
#########....##....# #
+..gg@)..).#.......# #
.
##..####...####....###
g). ##.#
#...........#..
♣..g.♣♣#g#
#.#.###.......#
.g..gg.g.#
#.#.....>.#####
.♣.g)♣♣### #.#####...
... .g. #.# ###. ### .
#.. .. ... # ###


You could see 2 gnolls.

Vanquished Creatures
  A sleepcap (D:3)
  Jessica (D:2)
  5 gnolls (D:4)
  5 adders
  3 dart slugs
  2 orcs (D:3)
  8 ball pythons
  2 bats (D:1)
  6 endoplasms
  3 giant cockroaches
  4 hobgoblins
  6 jackals (D:1)
  4 quokkas
  3 frilled lizards
  6 goblins
  4 kobolds
  7 rats
70 creatures vanquished.

Notes
Turn   | Place    | Note
-------+----------+-------------------------------------------
     0 | D:1      | Peloso the Hill Orc Fighter began the quest for the Orb.
     0 | D:1      | Reached XP level 1. HP: 19/19 MP: 1/1
   218 | D:1      | Reached XP level 2. HP: 27/27 MP: 2/2
   423 | D:1      | Reached XP level 3. HP: 32/33 MP: 3/3
   641 | D:2      | Noticed Jessica
   645 | D:2      | Killed Jessica
   646 | D:2      | Reached XP level 4. HP: 22/40 MP: 4/4
   811 | D:2      | Found a hazy altar of Hepliaklqana.
  1756 | D:3      | Reached XP level 5. HP: 45/46 MP: 5/5
  2939 | D:4      | HP: 1/47 [gnoll/+3 flail of protection (6)]
  2940 | D:4      | Slain by a gnoll

Illustrated notes

Levels and vault maps discovered:
D:1:      shiori_shiawase, layout_basic
D:2:      minmay_alternating_diamond, layout_loops_corners, basic_altar,
          uniq_jessica
D:3:      layout_loops_corners, chequers_jeans
D:4:      layout_basic, nicolae_overflow_crystal_walls, serial_shops,
          shop_statue, pf_guarded_unrand_woodcutter

Skill      XL: |  1  2  3  4  5 |
---------------+----------------+-----
Fighting       | 4 |  4.8
Long Blades    | 3 4 |  4.1
Shields        | 4 |  4.4
Armour         | 4 |  4.2
Dodging        | |  0.5

Action                     |  1- 3 |  4- 6 || total
---------------------------+-------+-------++-------
  Melee: Long sword        |    59 |   204 ||   263
 Armour: Scale mail        |    34 |       ||    34
         Plate armour      |    18 |   109 ||   127
  Dodge: Dodged            |    45 |    36 ||    81
  Block: Buckler           |    18 |   111 ||   129
         Reflection        |       |     6 ||     6
